 Dungeon Crawl Stone Soup version 0.21.1-1-g345015fe64 (webtiles) character file.

6967 RepoMan the Arsonist (level 10, 0/77 HPs)
             Began as a Demigod Fire Elementalist on July 11, 2018.
             Slain by a starcursed mass (10 damage)
             ... on level 2 of the Abyss.
             The game lasted 01:01:32 (11158 turns).

RepoMan the Arsonist (Demigod Fire Elementalist)   Turns: 11158, Time: 01:01:34

Health: 0/77       AC:  7    Str: 11    XL:     10   Next: 52%
Magic:  24/24      EV: 14    Int: 25    God:
Gold:   170        SH:  0    Dex: 16    Spells: 5/23 levels left

rFire    + + .     SeeInvis .   s - staff of wizardry
rCold    + . .     Gourm    +   (no shield)
rNeg     . . .     Faith    .   I - +1 leather armour "Emotimarph" {+Fly rF+}
rPois    .         Spirit   .   o - +0 hat
rElec    .         Reflect  .   (no cloak)
rCorr    .         Harm     .   (no gloves)
MR       +....                  f - +2 pair of boots
Stlth    ++........             u - amulet of the gourmand
HPRegen  0.22/turn              F - ring of protection from cold
MPRegen  0.19/turn              p - ring of protection from fire

@: about to teleport
A: high mp 1
a: Evoke Flight


You were on level 2 of the Abyss.
You were very full.

You visited 2 branches of the dungeon, and saw 11 of its levels.
You visited the Abyss 1 time.

You collected 366 gold pieces.
You spent 196 gold pieces at shops.

Inventory:

Hand Weapons
 b - a +1 blowgun
 y - a +0 flail
Missiles
 z - 3 javelins (quivered)
 B - 74 poisoned needles
Armour
 f - a +2 pair of boots (worn)
 o - a +0 hat (worn)
 w - the +3 leather armour "Wycink" {rPois MR+ Str+2 Int-3}
   (You found it on level 5 of the Dungeon)

   It affects your strength (+2).
   It affects your intelligence (-3).
   It protects you from poison.
   It affects your resistance to hostile enchantments.
 I - the +1 leather armour "Emotimarph" (worn) {+Fly rF+}
   (You bought it in a shop on level 9 of the Dungeon)

   It protects you from fire.
   It lets you fly.
Magical Staves
 a - an uncursed staff of death
 s - an uncursed staff of wizardry (weapon)
Jewellery
 l - an uncursed ring of resist corrosion
 p - a ring of protection from fire (right hand)
 u - an amulet of the gourmand (around neck)
 F - a ring of protection from cold (left hand)
Wands
 E - a wand of flame (21)
 H - a wand of enslavement (12)
 J - a wand of acid (12)
Scrolls
 d - 4 scrolls of enchant armour
 i - a scroll of identify
 j - a scroll of teleportation
 n - 3 scrolls of remove curse
 r - a scroll of fear
 v - a scroll of blinking
 x - 2 scrolls of amnesia {unknown}
 C - a scroll of enchant weapon
 G - a scroll of brand weapon {unknown}
Potions
 e - a potion of curing
 g - 4 potions of lignification
 h - 3 potions of might
 k - a potion of mutation {unknown}
 m - 2 potions of flight {unknown}
 q - 2 potions of ambrosia
 t - a potion of resistance {unknown}
 D - a potion of brilliance {unknown}
Books
 A - a book of Flames

   Spells                             Type                      Level
   a - Flame Tongue                   Conjuration/Fire             1
   b - Throw Flame                    Conjuration/Fire             2
   c - Conjure Flame                  Conjuration/Fire             3
   d - Inner Flame                    Hexes/Fire                   3
   e - Sticky Flame                   Conjuration/Fire             4
   f - Fireball                       Conjuration/Fire             5
Comestibles
 c - 11 rations


   Skills:
 + Level 3.5 Fighting
 * Level 4.2 Dodging
 - Level 1.7 Stealth
 + Level 7.0 Spellcasting
 + Level 7.4 Conjurations
 + Level 10.1 Fire Magic


You had 5 spell levels left.
You knew the following spells:

 Your Spells              Type           Power        Failure   Level  Hunger
a - Flame Tongue          Conj/Fire      #####        1%          1    None
c - Conjure Flame         Conj/Fire      ######..     1%          3    None
e - Fireball              Conj/Fire      ######....   2%          5    #####..
i - Inner Flame           Hex/Fire       ####....     1%          3    None
s - Sticky Flame          Conj/Fire      ######..     1%          4    ###....
t - Throw Flame           Conj/Fire      ######       1%          2    None


Dungeon Overview and Level Annotations

Branches:
Dungeon (10/15)            Temple (1/1) D:6            Lair (0/6) D:9
    Orc: D:9-12

Shops:
D:9 [

Annotations:
D:8 Awezug's ghost, novice MiGl
D:10 Erolcha


Innate Abilities, Weirdness & Mutations

You have an increased reservoir of magic. (+10% MP)


Message History

As you read the scroll of teleportation, it crumbles to dust.
You feel strangely unstable.
You feel the power of the Abyss delaying your translocation!
A chorus of shrieks assaults your mind. The small abomination hits you!
* * * LOW HITPOINT WARNING * * *
A starcursed mass splits.
Okay, then.
A starcursed mass splits.
The small abomination hits you!
* * * LOW HITPOINT WARNING * * *
An ufetubus comes into view.
Unknown command.
As you read the scroll of fear, it crumbles to dust.
You assume a fearsome visage.
The large abomination is unaffected.
The starcursed mass is unaffected.
The small abomination is unaffected.
The starcursed mass is unaffected.
The ufetubus is unaffected.
The starcursed mass is unaffected. x2; A starcursed mass splits.
The small abomination closely misses you.
The starcursed mass engulfs you!
You die...

#.##.#..... ..#
# #.#
#...#.##..'. .
#.##..........##
#
#.#..........##
# #.....#. ...##
#..#..##...##
#X.....##'##
#x....#.# #
#@X...#.#.#
#.X...# #.
#.X...# ##.X..#
..X.... #....###
##.#.. #.5..


You could see 5 starcursed masses, a large abomination, a small abomination and
an ufetubus (wandering).

Vanquished Creatures
  2 two-headed ogres
  The ghost of Thargor the Fighter, a journeyman GrFi of Okawaru (D:9)
  Psyche (D:9)
  A komodo dragon (D:9)
  2 trolls (D:9)
  A wyvern (D:9)
  A hungry ghost (D:9)
  2 steam dragons (D:7)
  An ice beast (D:7)
  A sky beast (D:10)
  An orc warrior (D:9)
  A black bear (D:7)
  2 phantoms
  4 ogres
  2 centaurs
  3 big kobolds
  4 bullfrogs
  A small abomination (Abyss:2)
  2 scorpions
  A water moccasin skeleton (D:8)
  4 killer bees (D:9)
  3 howler monkeys
  6 electric eels (D:8)
  3 crimson imps
  3 bullfrog zombies
  2 quasits
  3 orc wizards
  3 orc priests
  6 hounds
  2 centaur skeletons (D:7)
  4 bullfrog skeletons
  Natasha (thrice) (D:4)
  6 worker ants
  3 gnolls (D:4)
  16 adders
  A white imp (Abyss:2)
  An ufetubus (Abyss:2)
  2 adder zombies
  An adder skeleton (D:9)
  4 worms
  2 dart slugs
  6 leopard geckos
  23 orcs
  7 giant cockroaches
  9 goblins
  10 hobgoblins
  9 jackals
  18 kobolds
  2 quokkas
  4 ball pythons
  5 bats
  5 frilled lizards
  A goblin skeleton (D:6)
  3 hobgoblin zombies (D:6)
  2 kobold skeletons (D:6)
  A kobold zombie (D:6)
  3 orc skeletons (D:6)
  An orc zombie (D:6)
  A quokka skeleton (D:4)
  6 rats
  A plant (D:8)
229 creatures vanquished.

Vanquished Creatures (others)
  A worker ant (D:5)
  A quokka skeleton (D:5)
  A fungus (D:7)
  A plant (D:9)
4 creatures vanquished.

Grand Total: 233 creatures vanquished

Notes
Turn   | Place    | Note
-------+----------+-------------------------------------------
     0 | D:1      | RepoMan the Demigod Fire Elementalist began the quest for the Orb.
     0 | D:1      | Reached XP level 1. HP: 14/14 MP: 5/5
    41 | D:1      | Reached skill level 1 in Conjurations
    87 | D:1      | Reached skill level 3 in Fire Magic
   216 | D:1      | Reached XP level 2. HP: 20/20 MP: 4/7
   225 | D:1      | Learned a level 2 spell: Throw Flame
   738 | D:2      | Found a deep blue altar of Sif Muna.
   760 | D:2      | Reached XP level 3. HP: 24/26 MP: 3/8
   938 | D:2      | Learned a level 3 spell: Conjure Flame
  1587 | D:2      | Reached XP level 4. HP: 32/33 MP: 3/10
  1739 | D:2      | Found a stormy altar of Qazlal.
  1739 | D:2      | Found an ornate altar of the Wu Jian Council.
  1823 | D:3      | Found a sparkling altar of Nemelex Xobeh.
  2060 | D:3      | Reached skill level 4 in Fire Magic
  2874 | D:4      | Noticed Natasha
  2879 | D:4      | Killed Natasha
  2879 | D:4      | Reached XP level 5. HP: 38/38 MP: 8/12
  2884 | D:4      | Learned a level 3 spell: Inner Flame
  3032 | D:4      | Found a basalt altar of Yredelemnul.
  3040 | D:4      | Found a glowing silver altar of Zin.
  3151 | D:4      | Noticed an ogre
  3165 | D:4      | Killed an ogre
  3182 | D:4      | Noticed Natasha
  3187 | D:4      | Killed Natasha
  3198 | D:4      | Noticed Natasha
  3202 | D:4      | Killed Natasha
  3202 | D:4      | Reached XP level 6. HP: 29/45 MP: 3/13
  3253 | D:4      | Reached skill level 5 in Fire Magic
  4058 | D:5      | Entered Level 5 of the Dungeon
  4225 | D:5      | Got a transparent leather armour
  4240 | D:5      | Reached XP level 7. HP: 46/50 MP: 2/15
  4366 | D:5      | Identified the +3 leather armour "Wycink" {rPois MR+ Str+2 Int-3} (You found it on level 5 of the Dungeon)
  4371 | D:5      | Learned a level 4 spell: Sticky Flame
  4810 | D:5      | Found a shimmering altar of Xom.
  5007 | D:6      | Reached skill level 6 in Fire Magic
  5679 | D:6      | Found a glowing golden altar of the Shining One.
  5749 | D:6      | Found a shadowy altar of Dithmenos.
  6016 | D:6      | Found a snail-covered altar of Cheibriados.
  6096 | D:6      | Found a staircase to the Ecumenical Temple.
  6105 | Temple   | Entered the Ecumenical Temple
  6250 | D:7      | Found a bloodstained altar of Trog.
  6296 | D:7      | Reached skill level 7 in Fire Magic
  6296 | D:7      | Reached XP level 8. HP: 48/57 MP: 12/18
  6542 | D:7      | Found an ancient bone altar of Kikubaaqudgha.
  6831 | D:7      | Reached skill level 5 in Conjurations
  7107 | D:7      | Reached skill level 5 in Spellcasting
  7205 | D:7      | Reached skill level 8 in Fire Magic
  7872 | D:8      | Reached XP level 9. HP: 60/62 MP: 14/20
  8475 | D:8      | Noticed a two-headed ogre
  8485 | D:8      | Killed a two-headed ogre
  8485 | D:8      | Reached skill level 9 in Fire Magic
  8510 | D:8      | Noticed Awezug's ghost (novice MiGl)
  8623 | D:8      | Learned a level 5 spell: Fireball
  9047 | D:9      | Found a staircase to the Lair.
  9048 | D:9      | Noticed a komodo dragon
  9077 | D:9      | Killed a komodo dragon
  9077 | D:9      | Reached skill level 1 in Fighting
  9238 | D:9      | Noticed Psyche
  9296 | D:9      | Killed Psyche
  9608 | D:9      | Reached XP level 10. HP: 73/73 MP: 8/23
  9691 | D:9      | Noticed Thargor's ghost (journeyman GrFi)
  9709 | D:9      | Killed Thargor's ghost
  9969 | D:9      | Found Fynega's Antique Armour Shop.
  9974 | D:9      | Bought a transparent leather armour for 196 gold pieces
  9984 | D:9      | Identified the cursed +1 leather armour "Emotimarph" {+Fly rF+} (You bought it in a shop on level 9 of the Dungeon)
 10532 | D:10     | Entered Level 10 of the Dungeon
 10561 | D:10     | Reached skill level 10 in Fire Magic
 10591 | D:10     | Noticed a two-headed ogre
 10604 | D:10     | Killed a two-headed ogre
 11013 | D:10     | Noticed Erolcha
 11017 | D:10     | Cast into level 2 of the Abyss (Erolcha)
 11041 | Abyss:2  | Noticed a guardian serpent
 11073 | Abyss:2  | Noticed a large abomination
 11109 | Abyss:2  | Noticed a wretched star
 11134 | Abyss:2  | Noticed a large abomination
 11153 | Abyss:2  | Noticed a starcursed mass
 11158 | Abyss:2  | Slain by a starcursed mass

Skill      XL: |  1  2  3  4  5  6  7  8  9 10 |
---------------+-------------------------------+-----
Conjurations   | 1 2 3 4 5 6 7 |  7.4
Fire Magic     | 3 4 5 7 8 9 10 | 10.1
Spellcasting   | 2 3 4 5 6 7 |  7.0
Fighting       | 2 3 |  3.5
Dodging        | 2 4 |  4.2
Stealth        | |  1.7

Action                   |  1- 3 |  4- 6 |  7- 9 | 10-12 || total
-------------------------+-------+-------+-------+-------++-------
Melee: Unarmed           |    11 |     5 |       |       ||    16
       Staff             |       |    10 |    86 |     5 ||   101
       Flail             |       |       |    39 |       ||    39
 Fire: Blowgun           |       |       |     9 |       ||     9
Throw: Javelin           |       |       |    60 |       ||    60
       Throwing net      |       |       |     6 |       ||     6
 Cast: Flame Tongue      |    74 |   127 |   170 |    45 ||   416
       Conjure Flame     |       |     5 |    26 |     5 ||    36
       Throw Flame       |       |     5 |    20 |     3 ||    28
       Inner Flame       |       |     1 |    11 |     1 ||    13
       Sticky Flame      |       |       |     6 |     8 ||    14
       Fireball          |       |       |     5 |     6 ||    11
  Use: Scroll            |       |       |    13 |     3 ||    16
  Eat: Chunk             |     2 |     8 |    26 |     7 ||    43
       Ration            |       |       |     1 |       ||     1
Armor: Robe              |     8 |    10 |     1 |       ||    19
       Leather armour    |       |       |   116 |     5 ||   121
Dodge: Dodged            |    26 |    43 |   174 |    16 ||   259
